 Dungeon Crawl Stone Soup version 0.30-b1-2-g02819fbbbe (webtiles) character file.

Game seed: 15962109618521923070

473 Arum the Covered (level 7, -14/56 HPs)
             Began as a Formicid Fighter on May 10, 2023.
             Was a Follower of Okawaru.
             Demolished by Pikel
             ... wielding a +1 whip of electrocution
              (17 damage)
             ... on level 4 of the Dungeon.
             The game lasted 00:03:21 (1835 turns).

Arum the Covered (Formicid Fighter)                 Turns: 1835, Time: 00:03:22

Health: -14/56     AC:  8    Str: 22    XL:     7   Next: 32%
Magic:  6/8        EV: 12    Int:  8    God:    Okawaru [*.....]
Gold:   162        SH:  6    Dex: 13    Spells: 6/6 levels left

rFire   . . .        a - +0 quarterstaff
rCold   . . .        c - +0 buckler
rNeg    . . .        b - +0 scale mail
rPois   .            (helmet unavailable)
rElec   .            (no cloak)
rCorr   .            (no gloves)
SInv    +            (no boots)
Will    .....        i - amulet of regeneration
Stlth   +            (no ring)
HPRegen 1.09/turn    (no ring)
MPRegen 0.11/turn

%: no passive effects
@: mighty, heroic
A: permanent stasis, dig shafts and tunnels, antennae 3, four strong arms
a: Dig, Shaft Self, Renounce Religion, Heroism


You were on level 4 of the Dungeon.
You worshipped Okawaru.
Okawaru was aware of your devotion.
You visited 1 branch of the dungeon, and saw 4 of its levels.

You collected 162 gold pieces.

Inventory:

Hand Weapons
 a - a +0 quarterstaff (weapon)
Armour
 b - a +0 scale mail (worn)
 c - a +0 buckler (worn)
Jewellery
 g - an amulet of the acrobat
 i - an amulet of regeneration (around neck)
Scrolls
 e - 5 scrolls of identify {unknown}
 f - a scroll of poison {unknown}
 h - 2 scrolls of amnesia {unknown}
 k - a scroll of vulnerability {unknown}
 l - a scroll of enchant weapon {unknown}
 p - 2 scrolls of teleportation {unknown}
 q - a scroll of magic mapping {unknown}
Potions
 d - a potion of might
 j - a potion of curing {unknown}
 m - a potion of magic {unknown}
 n - a potion of mutation {unknown}
 o - 2 potions of berserk rage {unknown}
 r - a potion of heal wounds {unknown}


   Skills:
 + Level 5.4(10.4) Fighting
 + Level 4.3(9.3) Staves
 + Level 5.4(10.4) Armour
 - Level 4.0(9.0) Shields
 + Level 2.0 Invocations


You had 6 spell levels left.
You didn't know any spells.
Your spell library contained the following spells:

 Spells                   Type           Power      Damage    Failure   Level
 Sting                    Tmut/Pois      0%         1d3       73%         1
 Poisonous Vapours        Pois/Air       0%         N/A       86%         2
 Ozocubu's Armour         Ice            0%         N/A       97%         3
 Manifold Assault         Tloc           0%         N/A       100%        4
 Olgreb's Toxic Radiance  Pois           0%         N/A       100%        4
 Ozocubu's Refrigeration  Ice            0%         4d7       100%        7
 Storm Form               Tmut/Air       0%         N/A       100%        7
 Blink                    Tloc           Unusable   N/A       N/A         2

Dungeon Overview and Level Annotations

Branches:
Dungeon (4/15)
 Temple: D:4-7

Altars:
Dithmenos
Hepliaklqana
Okawaru
Qazlal

Annotations:
D:4 Pikel


Innate Abilities, Weirdness & Mutations

You cannot be hasted, slowed, berserked, paralysed or teleported.
You can dig through walls and to a lower floor.
You have a pair of large antennae on your head. (SInv)
Your four strong arms can wield two-handed weapons with a shield.


Message History

Pikel is lightly wounded.
Pikel barely misses you.
You closely miss Pikel.
Pikel is lightly wounded.
Pikel hits you with a +1 whip of electrocution.
You are electrocuted!
You hit Pikel.
Pikel is moderately wounded.
Pikel barely misses you.
Pikel hits you with a +1 whip of electrocution.
You are electrocuted!!
* * * LOW HITPOINT WARNING * * *
You are too injured to fight recklessly!
You are too injured to fight recklessly!
You are too injured to fight recklessly!
You are too injured to fight recklessly!
You are too injured to fight recklessly!
You are too injured to fight recklessly!
You are too injured to fight recklessly!
You are too injured to fight recklessly!
You are too injured to fight recklessly!
You are too injured to fight recklessly!
You are too injured to fight recklessly!
Unknown command.
Press: ? - help, v - describe, . - travel
Here: Pikel, wielding a +1 whip of electrocution, wearing a +0 robe and carrying a wand of iceblast (10) (grey smoke, moderately wounded)
An empty arch of ancient stone, spattered with blood.
Unknown command.
You feel very mighty all of a sudden. Pikel barely misses you.
You hit Pikel but do no damage.
Pikel is moderately wounded.
Pikel checks his coin pouch and frowns.
Pikel hits you with a +1 whip of electrocution!
* * * LOW HITPOINT WARNING * * *
You gain the combat prowess of a mighty hero.
Pikel hits you with a +1 whip of electrocution.
* * * LOW HITPOINT WARNING * * *
You are electrocuted!
You die...

....... # ##### #........ #.
...♣ #...# #........ #. ._..♣
#._.#####.#...... #.### ...♣
#...##........... #.... ....
#@###........... ....###.#
#K#.#5.......... ..#.....##
##5#§.....†......
..#......######.{..#...{.......
..###..#....#.................#
.........##...##..............#
.......................>.......
..................##..........#
..................####..#...###


You could see Pikel and a lemure.

Vanquished Creatures
  An ogre (D:2)
  2 lemures (D:4)
  A vampire bat (D:3)
  2 howler monkeys
  2 orc priests (D:4)
  An iguana (D:3)
  An orc wizard (D:3)
  2 adders
  A worm (D:2)
  3 fire bats (D:3)
  9 orcs
  2 spectral bats (D:3)
  12 bats
  3 bat skeletons (D:3)
  A bat zombie (D:3)
  4 endoplasms
  A giant cockroach (D:2)
  5 hobgoblins
  A jackal (D:1)
  2 kobolds (D:1)
  A quokka (D:1)
  10 ball pythons
  A bat simulacrum (D:3)
  4 frilled lizards
  7 goblins
  7 rats
86 creatures vanquished.

Notes
Turn   | Place    | Note
-------+----------+-------------------------------------------
     0 | D:1      | Arum the Formicid Fighter began the quest for the Orb.
     0 | D:1      | Reached XP level 1. HP: 18/18 MP: 1/1
    97 | D:1      | Reached XP level 2. HP: 12/24 MP: 2/2
   351 | D:1      | Reached XP level 3. HP: 30/30 MP: 3/3
   943 | D:2      | Reached XP level 4. HP: 35/37 MP: 4/4
  1059 | D:3      | Noticed an ogre
  1105 | D:3      | Found an iron altar of Okawaru.
  1112 | D:3      | Became a worshipper of Warmaster Okawaru
  1184 | D:3      | Reached XP level 5. HP: 36/43 MP: 5/5
  1248 | D:2      | Killed an ogre
  1248 | D:2      | Reached * piety under Okawaru
  1249 | D:2      | Reached XP level 6. HP: 49/50 MP: 6/6
  1301 | D:3      | Reached skill level 5 in Armour
  1305 | D:3      | Reached skill level 5 in Fighting
  1328 | D:3      | Reached skill level 1 in Invocations
  1473 | D:3      | Found a stormy altar of Qazlal.
  1502 | D:3      | Reached XP level 7. HP: 55/55 MP: 8/8
  1699 | D:4      | Found a shadowy altar of Dithmenos.
  1793 | D:4      | Noticed Pikel
  1802 | D:4      | Found a hazy altar of Hepliaklqana.
  1835 | D:4      | Demolished by Pikel

Illustrated notes

Levels and vault maps discovered:
D:1:      mainiacjoe_arrival_reflecting_pool, layout_rooms, minmay_hexomino_c4
D:2:      layout_loops_cross
D:3:      layout_rooms, mainiacjoe_overflow_cross_hatched,
          nicolae_qazlal_general_emergency, goddamned_bats
D:4:      layout_rooms, mainiacjoe_overflow_alcove_1,
          nzn_hepliaklqana_mist_gate, minmay_misc_feat_encased, uniq_pikel

Skill      XL: |  1  2  3  4  5  6  7 |
---------------+----------------------+-----
Armour         | 4 5 |  5.4
Fighting       | 4 5 |  5.4
Staves         | 3 4 |  4.3
Invocations    | 1 2 |  2.0
Shields        | |  4.0

Action                     |  1- 3 |  4- 6 |  7- 9 || total
---------------------------+-------+-------+-------++-------
  Melee: Quarterstaff      |    91 |   129 |    56 ||   276
 Invoke: Heroism           |       |       |     1 ||     1
Ability: Dig               |       |     1 |     1 ||     2
    Use: Potion            |       |       |     1 ||     1
 Armour: Scale mail        |    39 |    99 |    19 ||   157
  Dodge: Dodged            |    38 |    85 |    24 ||   147
  Block: Buckler           |    27 |    45 |     9 ||    81
